 Dungeon Crawl Stone Soup version 0.31-a0-981-geadf994542 (webtiles) character file.

Game seed: 17373870939764446692

1876 GordonOverkill the Cleaver (level 9, -1/78 HPs)
             Began as a Naga Delver on Nov 1, 2023.
             Was a Believer of Cheibriados.
             Slain by a killer bee (4 damage)
             ... on level 7 of the Dungeon.
             The game lasted 00:16:07 (7650 turns).

GordonOverkill the Cleaver (Naga Delver)            Turns: 7650, Time: 00:16:07

Health: -1/78      AC: 10    Str: 23    XL:     9   Next: 14%
Magic:  5/11       EV:  5    Int: 16    God:    Cheibriados [**....]
Gold:   294        SH:  0    Dex: 18    Spells: 8/8 levels left

rFire   . . .        e - +1 battleaxe (freeze)
rCold   . . .        (shield currently unavailable)
rNeg    . . .        k - +0 plate armour
rPois   +            l - +0 helmet
rElec   .            j - +0 cloak
rCorr   .            (no gloves)
SInv    +            (no barding)
Will    +....        (no amulet) Stlth
                     (no ring)
HPRegen 0.33/turn    (no ring)
MPRegen 0.12/turn

%: no passive effects
@: very slow
A: AC +3, large, see invisible, deformed body, poison resistance, slowness 2,
spit poison 1, naga tail 1
a: Spit Poison, Renounce Religion, Bend Time


You were on level 7 of the Dungeon.
You worshipped Cheibriados.
Cheibriados was pleased with you.
You visited 2 branches of the dungeon, and saw 8 of its levels.

You collected 294 gold pieces.

Inventory:

Hand Weapons
 a - a +0 hand axe
 e - a +1 battleaxe of freezing (weapon)
 u - a +0 war axe
Missiles
 o - 4 javelins (quivered)
 E - 3 boomerangs
Armour
 j - a +0 cloak (worn)
 k - a +0 plate armour (worn)
 l - a +0 helmet (worn)
 x - a +0 buckler
Jewellery
 q - a +6 ring of intelligence
 C - a +4 ring of slaying
Wands
 b - a wand of flame (22)
 g - a wand of digging (3)
 G - a wand of light (7)
Scrolls
 c - 2 scrolls of fog
 d - a scroll of revelation
 i - a scroll of immolation
 m - 3 scrolls of amnesia
 s - a scroll of blinking {unknown}
 t - a scroll of noise {unknown}
 y - a scroll of enchant weapon {unknown}
 B - a scroll of vulnerability {unknown}
 D - a scroll of torment {unknown}
 F - a scroll of enchant armour {unknown}
Potions
 f - 2 potions of curing
 r - a potion of resistance
 v - a potion of ambrosia
 w - a potion of attraction
 z - a potion of cancellation


   Skills:
 - Level 4.0 Fighting
 - Level 10.0 Axes
 - Level 2.0 Throwing
 - Level 2.0 Dodging
 - Level 7.6 Stealth
 + Level 3.1 Invocations
 - Level 3.0 Evocations


You had 8 spell levels left.
You didn't know any spells.
Your spell library contained the following spells:

 Spells                   Type           Power      Damage    Failure   Level
 Apportation              Tloc           0%         N/A       99%         1
 Necrotise                Necr           0%         1d4       99%         1
 Summon Small Mammal      Summ           0%         N/A       99%         1
 Ensorcelled Hibernation  Hex/Ice        0%         N/A       100%        2
 Jinxbite                 Hex            0%         N/A       100%        2
 Passwall                 Tmut/Erth      0%         N/A       100%        2
 Scorch                   Fire           0%         2d5       100%        2
 Wereblood                Tmut           0%         N/A       100%        2
 Inner Flame              Hex/Fire       0%         N/A       100%        3
 Swiftness                Air            0%         N/A       100%        3
 Tukima's Dance           Hex            0%         N/A       100%        3
 Dimensional Bullseye     Hex/Tloc       0%         N/A       100%        4
 Flame Wave               Conj/Fire      0%         2d4       100%        4
 Iskenderun's Mystic Bla  Conj/Tloc      0%         2d3       100%        4
 Sticky Flame             Conj/Fire      0%         2d3       100%        4
 Alistair's Intoxication  Tmut/Pois      0%         N/A       100%        5
 Irradiate                Conj/Tmut      0%         3d11      100%        5
 Summon Cactus Giant      Summ           0%         N/A       100%        6


Dungeon Overview and Level Annotations

Branches:
Dungeon (7/15)             Temple (1/1) D:4

Altars:
Ashenzari
Cheibriados
Dithmenos
Elyvilon
Fedhas
Gozag
Hepliaklqana
Makhleb
Nemelex Xobeh
Okawaru
Qazlal
Ru
Sif Muna
Trog
Vehumet
Xom
Yredelemnul
Zin

Shops:
D:6 *


Innate Abilities, Weirdness & Mutations

Your serpentine skin is tough. (AC +3)
You have supernaturally acute eyesight. (SInv)
Armour fits poorly on your strangely shaped body.
Your system is resistant to poisons. (rPois)
You cover ground very slowly.
You can spit poison.
You have a snake-like lower body.


Message History

Your orc closely misses the killer bee.
The killer bee stings your orc!
Your orc dies!
Your orc's corpse dissolves into shadows!
Your hound barely misses the killer bee.
The killer bee stings your orc!
Your orc dies!
Your orc's corpse dissolves into shadows!
Okay, then.
Okay, then.
The flow of time bends around you. The killer bee barely misses you.
Your hound bites the killer bee.
You feel better. The killer bee barely misses you.
Your hound bites the killer bee but does no damage.
The killer bee stings you.
* * * LOW HITPOINT WARNING * * *
Unknown command.
You closely miss the killer bee.
The killer bee is moderately wounded.
The killer bee stings you!
* * * LOW HITPOINT WARNING * * *
Your hound completely misses the killer bee.
The killer bee stings you but does no damage.
Your hound barely misses the killer bee.
The flow of time bends around you.
Cheibriados rebukes the killer bee.
The killer bee seems to slow down.
The killer bee completely misses you.
Your hound closely misses the killer bee.
The killer bee stings you.
* * * LOW HITPOINT WARNING * * *
Your hound bites the killer bee.
You hit the killer bee. You freeze the killer bee.
The killer bee is almost dead.
Your hound bites the killer bee but does no damage.
The killer bee stings you.
* * * LOW HITPOINT WARNING * * *
You barely miss the killer bee.
The killer bee is almost dead.
Your hound barely misses the killer bee.
The killer bee stings you.
You die...

.. ###....#.##
###.######.#......##
...$............... #..#
##.....#.#>#.. #..#
##....#...#.. #..#
#..#.#.#####
#..#####..#.#...#..
#.##..yhf##..#..##.#..
#...@##.##..##.##...#
##########†##..##.######
#....8..##y#...##.######
#.⌠8......f>............
#.8#######.#...##....###
#..# #...#####....###
#..# .......###....##..
#..# ..#...###...######
#..#....##.###..###


You could see a killer bee (slow, ally target), a friendly sleepcap (summoned)
and a friendly hound (summoned).

Vanquished Creatures
  A wyvern (D:7)
  A steam dragon (D:6)
  A black bear (D:6)
  3 centaurs
  A kobold brigand (D:5)
  Blork the orc (D:5)
  2 bullfrogs (D:7)
  2 scorpions
  A killer bee (D:7)
  A howler monkey (D:5)
  2 jellies (D:5)
  3 hounds
  2 orc priests
  A sleepcap (D:7)
  6 iguanas
  4 orc wizards
  6 adders
  2 ufetubi (D:6)
  4 worms
  3 dart slugs
  9 orcs
  5 ball pythons
  4 bats
  10 endoplasms
  A giant cockroach (D:2)
  4 goblins (D:2)
  11 hobgoblins
  4 jackals (D:3)
  11 kobolds
  4 quokkas
  3 frilled lizards
  8 rats
121 creatures vanquished.

Vanquished Creatures (collateral kills)
  3 killer bees (D:7)
3 creatures vanquished.

Grand Total: 124 creatures vanquished

Notes
Turn   | Place    | Note
-------+----------+-------------------------------------------
     0 | D:5      | GordonOverkill the Naga Delver began the quest for the Orb.
     0 | D:5      | Reached XP level 1. HP: 21/21 MP: 1/1
     1 | D:6      | Noticed an iguana
    15 | D:5      | Noticed an orc priest
    45 | D:5      | Noticed an iguana
    55 | D:5      | Noticed a jelly
   169 | D:3      | Found a stormy altar of Qazlal.
   171 | D:3      | Found a faded altar of an unknown god.
   246 | D:4      | Noticed a hound
   384 | D:4      | Reached XP level 2. HP: 28/28 MP: 2/2
   387 | D:4      | Found a staircase to the Ecumenical Temple.
   477 | Temple   | Entered the Ecumenical Temple
   726 | D:1      | Reached XP level 3. HP: 34/34 MP: 3/3
  2260 | D:2      | Reached XP level 4. HP: 42/42 MP: 4/4
  2291 | D:2      | Reached skill level 1 in Throwing
  2332 | D:2      | Found a faded altar of an unknown god.
  2548 | D:2      | Reached skill level 3 in Axes
  3218 | D:3      | Found a basalt altar of Yredelemnul.
  3249 | D:3      | Found a snail-covered altar of Cheibriados.
  3260 | D:3      | Became a worshipper of Cheibriados the Contemplative
  3352 | D:3      | Found an iron altar of Okawaru.
  3390 | D:3      | Reached XP level 5. HP: 49/49 MP: 5/5
  3393 | D:3      | Found an opulent altar of Gozag.
  4426 | D:5      | Reached skill level 4 in Axes
  4426 | D:5      | Reached skill level 1 in Invocations
  4590 | D:5      | Reached * piety under Cheibriados
  4593 | D:5      | Reached XP level 6. HP: 32/56 MP: 7/7
  4759 | D:5      | Found a white marble altar of Elyvilon.
  5065 | D:5      | Noticed Blork the orc
  5077 | D:5      | Killed Blork the orc
  5078 | D:5      | Reached skill level 5 in Axes
  5078 | D:5      | Reached XP level 7. HP: 50/64 MP: 8/8
  5370 | D:5      | Found a bloodstained altar of Trog.
  5739 | D:5      | Reached skill level 6 in Axes
  5834 | D:6      | Reached skill level 7 in Axes
  6085 | D:6      | Noticed a steam dragon
  6091 | D:6      | Killed a steam dragon
  6092 | D:6      | Reached XP level 8. HP: 72/72 MP: 9/9
  6210 | D:6      | Reached skill level 8 in Axes
  6366 | D:6      | Reached ** piety under Cheibriados
  6529 | D:6      | Found Hosusmeir's Lightly-Used Armoury.
  7153 | D:7      | Reached skill level 9 in Axes
  7269 | D:7      | Noticed a boulder beetle
  7455 | D:7      | Noticed a wyvern
  7459 | D:7      | Killed a wyvern
  7460 | D:7      | Reached skill level 10 in Axes
  7460 | D:7      | Reached skill level 1 in Evocations
  7560 | D:7      | Found a burning altar of Makhleb.
  7562 | D:7      | Reached XP level 9. HP: 78/78 MP: 10/10
  7630 | D:7      | HP: 2/78 [killer bee (7)]
  7649 | D:7      | HP: 3/78 [killer bee (3)]
  7650 | D:7      | Slain by a killer bee

Illustrated notes

Levels and vault maps discovered:
D:1:      giann_forest_graveyard, layout_loops_ring, minmay_hexomino_f4
D:2:      layout_loops_cross, ebering_ecumenical_altar_hall
D:3:      layout_rooms, lemuel_round_altar, mainiacjoe_overflow_six_doors_small,
          kennysheep_slug_shrine, nicolae_overflow_ecumenical_swirl,
          mainiacjoe_overflow_concentric_impassable, hex_tiny,
          chequers_serial_rivers_small_b
D:4:      layout_loops_ring, minmay_temple_entry_drinking_statues
D:5:      layout_loops_ring, mainiacjoe_overflow_boulevard,
          mainiacjoe_overflow_24_doors, portal_sewer_entry_d, uniq_blork_the_orc
D:6:      layout_basic, minmay_shop_damaged
D:7:      kennysheep_big_flooded_room, layout_loops_ring,
          makhleb_blood_cavern_becter, chequers_decorated_corner
Temple:   dpeg_chambers_temple

Skill      XL: |  1  2  3  4  5  6  7  8  9 |
---------------+----------------------------+-----
Dodging        | 2 |  2.0
Throwing       | 1 2 |  2.0
Axes           | 3 4 5 7 10 | 10.0
Invocations    | 2 3 |  3.1
Fighting       | 4 |  4.0
Evocations     | 2 3 |  3.0
Stealth        | |  7.6

Action                     |  1- 3 |  4- 6 |  7- 9 || total
---------------------------+-------+-------+-------++-------
  Melee: Hand axe          |   135 |   234 |    10 ||   379
         Battleaxe         |       |       |    97 ||    97
  Throw: Javelin           |     1 |     3 |     1 ||     5
         Boomerang         |       |       |     2 ||     2
 Invoke: Bend Time         |       |       |     2 ||     2
  Evoke: Wand              |       |       |     3 ||     3
    Use: Scroll            |     1 |     7 |     7 ||    15
         Potion            |     1 |     2 |     6 ||     9
   Stab: Sleeping          |     4 |       |       ||     4
 Armour: Leather armour    |    39 |       |       ||    39
         Plate armour      |    73 |   243 |   238 ||   554
  Dodge: Dodged            |    26 |    34 |    49 ||   109
  Block: Buckler           |    18 |    60 |       ||    78

Table legend: (Time is in decaauts)
 A = Elapsed time spent in this place.
 B = Non-inter-level travel time spent in this place.
 C = Inter-level travel time spent in this place.
 D = Time resting spent in this place.
 E = Time spent auto-exploring this place.
 F = Levels seen in this place.
 G = Mean time per level.
                   A        B        C        D        E       F      G
               +--------+--------+--------+--------+--------+-----+--------+
         Total |  10564 |   9944 |    620 |   2630 |   5153 |   8 | 1320.5 |
       Dungeon |  10502 |   9882 |    620 |   2630 |   5153 |   7 | 1500.3 |
        Temple |     61 |     61 |      0 |      0 |      0 |   1 |   61.0 |
               +--------+--------+--------+--------+--------+-----+--------+

Top non-repeatable levels by time:
     D:6: 2134 daAuts
     D:5: 1951 daAuts
     D:4: 1511 daAuts
     D:1: 1459 daAuts
     D:2: 1425 daAuts
     D:3: 1174 daAuts
     D:7: 845 daAuts
  Temple: 61 daAuts
